Cogmind - Beta 14 @@@ ROGUE MODE // 2024.11.18 @ 12:16:18 Player: Fangrelle Result: Self-destructed Performance ------------- Evolutions (0) 0 Regions Visited (4) 800 Robots Destroyed (17) 85 Value Destroyed (371) 371 Prototype IDs (23) 460 Alien Tech Used (0) 0 Bonus (300) 300 TOTAL SCORE: 2016 Bonus ------- Aligned with FarCom 300 Cogmind --------- Core Integrity 149/250 Matter 289/300 Energy 265/265 System Corruption 0% Temperature Cool (0) Movement Treading (160) Location -9/Mines Parts ------- > --- POWER (1) -------- Improved Ion Engine > --- PROPULSION (2) --- Light Treads Light Treads > --- UTILITY (2) ------ Large Storage Unit Light Armor Plating > --- WEAPON (2) ------- Heavy Assault Rifle Heavy Assault Rifle > --- INVENTORY (15) --- Nuclear Core Reinforced Deuterium Engine Fission Core High-capacity Matter Pod (200) Light Armor Plating AWS/Autocannon Grenade Launcher Datajack EMP Trap EMP Trap EMP Trap EMP Trap Peak State ------------ > --- POWER ------------ Improved Ion Engine > --- PROPULSION ------- Light Treads Light Treads > --- UTILITY ---------- Large Storage Unit Light Armor Plating > --- WEAPON ----------- Heavy Assault Rifle Heavy Assault Rifle > --- INVENTORY -------- Nuclear Core Reinforced Deuterium Engine Fission Core High-capacity Matter Pod Light Armor Plating AWS/Autocannon Grenade Launcher Datajack EMP Trap EMP Trap EMP Trap EMP Trap [Rating: 15] Favorites ----------- Power Improved Ion Engine Engine Improved Ion Engine Propulsion Light Treads Treads Light Treads Leg Aluminum Leg Utility Small Storage Unit Device Tractor Beam Storage Small Storage Unit Protection Light Armor Plating Weapon Heavy Assault Rifle Energy Gun EM Pulse Gun Ballistic Gun Heavy Assault Rifle Special Melee Weapon Datajack Build | -11 -10 -10 -10 -9 ------- Run | Yrd Mat Min Exi Min Slots Evolved . | . . . . . Power . | . . . . . Propulsion . | . . . . . Utility . | . . . . . Weapon . | . . . . . Parts Attached 16 | 3 2 10 1 . Power 3 | . . 3 . . Engine 3 | . . 3 . . Core . | . . . . . Reactor . | . . . . . Propulsion 4 | 2 . 2 . . Treads 4 | 2 . 2 . . Leg . | . . . . . Wheel . | . . . . . Hover . | . . . . . Flight . | . . . . . Utility 4 | 1 . 2 1 . Device 2 | 1 . 1 . . Storage 1 | . . . 1 . Processor . | . . . . . Hackware . | . . . . . Protection 1 | . . 1 . . Artifact . | . . . . . Weapon 5 | . 2 3 . . Energy Gun 1 | . 1 . . . Energy Cannon . | . . . . . Ballistic Gun 3 | . . 3 . . Ballistic Cannon . | . . . . . Launcher . | . . . . . Special Weapon . | . . . . . Impact Weapon . | . . . . . Slashing Weapon . | . . . . . Piercing Weapon . | . . . . . Special Melee Weapon 1 | . 1 . . . Unidentified Prototypes . | . . . . . Parts Lost 2 | . . 2 . . Power . | . . . . . Propulsion . | . . . . . Utility 1 | . . 1 . . Weapon 1 | . . 1 . . Highest Loss Streak 2 | . . 2 . . To Critical Strikes . | . . . . . Average Slot Usage (%) 99 | . 100 99 100 . Engine 14 | . 14 14 14 . Treads 28 | . 28 28 28 . Device 4 | . 14 5 . . Storage 14 | . 14 14 14 . Protection 9 | . . 8 14 . Energy Gun 1 | . 11 . . . Ballistic Gun 26 | . 14 27 28 . Peak Build Rating 15 | 7 7 10 15 . Average Rating 9 | 6 7 8 11 . On Entrance 9 | 6 7 7 10 15 Naked Turns . | . . . . . Heaviest Build 36 | 15 15 21 36 . Greatest Support 40 | 40 40 40 40 . Greatest Overweight (x) . | . . . . . Average Overweight (x) . | . . . . . Largest Inventory Capacity 15 | 8 8 8 15 . Average Capacity 9 | 8 8 8 12 . Most Carried 14 | 6 7 8 14 . Average Carried 8 | 4 6 7 9 . Final Capacity 15 | 8 8 8 15 15 Final Carried 14 | 6 7 8 14 14 Class Distribution -------------------- 68% | Scavenger-Mutant 31% | Mutant Dominant Class ---------------- Mutant | -10/Materials Scavenger-Mutant | -10/Mines Scavenger-Mutant | -10/Exiles Scavenger-Mutant | -9/Mines Resources | -11 -10 -10 -10 -9 ----------- Run | Yrd Mat Min Exi Min Matter Collected 504 | 215 . 289 . . Remotely 178 | . . 178 . . Salvage Created 525 | 76 213 236 . . Parts 41 | 6 7 28 . . Haulers Intercepted . | . . . . . Recyclers Shooed 1 | 1 . . . . Parts Field Recycled . | . . . . . Retrieved Matter . | . . . . . Parts Self-Destructed . | . . . . . Prevented . | . . . . . Kills | -11 -10 -10 -10 -9 ------- Run | Yrd Mat Min Exi Min Combat Hostiles Destroyed 14 | . 4 10 . . Guns 14 | . 4 10 . . Classes Destroyed 6 | 2 2 2 . . Tunneler 1 | 1 . . . . Recycler 1 | 1 . . . . Operator 1 | . 1 . . . Swarmer 8 | . . 8 . . Grunt 4 | . 4 . . . Sentry 2 | . . 2 . . Best Kill Streak 3 | 2 2 3 . . Combat Bots Only 3 | . 2 3 . . Max Kills in Single Turn 1 | 1 1 1 . . Gunslinging . | . . . . . Exploded . | . . . . . Melee . | . . . . . Uniques/NPCs Destroyed . | . . . . . Combat | -11 -10 -10 -10 -9 -------- Run | Yrd Mat Min Exi Min Hostile Shots Fired 57 | . 15 42 . . Missed 12 | . 1 11 . . Damage Taken 564 | 6 240 318 . . Core 101 | . 44 57 . . Absorbed by Shields . | . . . . . Core Remaining (%) 100 | 100 . . . . Volleys Fired 42 | 3 17 22 . . Largest 2 | 2 2 2 . . Hottest 60 | 60 60 60 . . Shots Fired 81 | 6 34 41 . . Gun 81 | 6 34 41 . . Cannon . | . . . . . Launcher . | . . . . . Special . | . . . . . Kinetic 57 | 3 17 37 . . Thermal . | . . . . . Explosive . | . . . . . Electromagnetic 24 | 3 17 4 . . Robot Hit Streak 12 | 5 7 12 . . Robot Miss Streak 3 | . 3 2 . . Penetration Max . | . . . . . Secondary Targets 3 | . 1 2 . . Max Gunslinging Chain 1 | . 1 1 . . Shots Hit Robots 53 | 5 21 27 . . Core Hits 27 | 3 10 14 . . Critical Kills . | . . . . . Critical Parts Destroyed . | . . . . . Critical Strikes . | . . . . . Melee Attacks . | . . . . . Impact . | . . . . . Slashing . | . . . . . Piercing . | . . . . . Sneak Attacks . | . . . . . Combat Hostiles . | . . . . . Follow-up Attacks . | . . . . . Damage Inflicted 785 | 93 382 310 . . Guns 644 | 54 280 310 . . Cannons . | . . . . . Explosions 141 | 39 102 . . . Melee . | . . . . . Ramming . | . . . . . Kinetic 442 | 14 141 287 . . Thermal 141 | 39 102 . . . Explosive . | . . . . . Electromagnetic 202 | 40 139 23 . . Impact . | . . . . . Slashing . | . . . . . Piercing . | . . . . . Highest Corruption . | . . . . . Average Corruption . | . . . . . Corruption Purged . | . . . . . Corruption Blocked . | . . . . . Overload Shots . | . . . . . Overflow Damage 7 | . 7 . . . Projectiles . | . . . . . Explosions 7 | . 7 . . . Melee . | . . . . . Knockbacks . | . . . . . Impact . | . . . . . Kinetic . | . . . . . Secondary . | . . . . . Self-Inflicted Damage 46 | 7 39 . . . Shots 2 | 1 1 . . . Rammed . | . . . . . Targets Rammed . | . . . . . Kicked . | . . . . . Crushed . | . . . . . Highest Temperature 84 | 12 84 9 . . Average Temperature 29 | 12 34 9 . . Received Heat Transfer 156 | . 120 36 . . Siege Activations . | . . . . . Robots Corrupted . | . . . . . Combat Hostiles . | . . . . . Parts Fried . | . . . . . Impact Corruptions . | . . . . . Robots Melted . | . . . . . Combat Hostiles . | . . . . . Parts Melted . | . . . . . Heat Transferred 200 | 100 100 . . . Parts Sabotaged . | . . . . . Parts Stolen . | . . . . . Parts Stripped . | . . . . . Power Chain Reactions 2 | 1 1 . . . Alert | -11 -10 -10 -10 -9 ------- Run | Yrd Mat Min Exi Min Peak Influence 190 | 10 190 158 . . Initial 73 | . 6 73 . . Average 58 | 7 89 53 . . Maximum Alert Level . | . . . . . Low Security (%) 100 | 100 100 100 . . Level 1 . | . . . . . Level 2 . | . . . . . Level 3 . | . . . . . Level 4 . | . . . . . Level 5 . | . . . . . High Security . | . . . . . Max Security . | . . . . . Squads Dispatched . | . . . . . Investigation . | . . . . . Extermination . | . . . . . Reinforcement . | . . . . . Assault . | . . . . . Garrison . | . . . . . Intercept . | . . . . . Searches Triggered . | . . . . . Construction Impeded . | . . . . . Haulers Reinforced . | . . . . . Active Scanning Responses . | . . . . . Cargo Convoy Interrupts . | . . . . . Stealth | -11 -10 -10 -10 -9 --------- Run | Yrd Mat Min Exi Min Distress Signals 1 | . 1 . . . Communications Jammed . | . . . . . Distress Signals . | . . . . . Times Spotted 18 | . 7 11 . . Peak Tracking Total 3 | . 3 3 . . Tactical Retreats 1 | . 1 . . . Traps | -11 -10 -10 -10 -9 ------- Run | Yrd Mat Min Exi Min Traps Triggered . | . . . . . Indirectly . | . . . . . Trap Hack Attempts 36 | . 36 . . . Triggered 1 | . 1 . . . Disarmed . | . . . . . Reprogrammed 5 | . 5 . . . Reused 1 | . 1 . . . Traps Extracted . | . . . . . Installed 1 | . . 1 . . Triggered 1 | . 1 . . . Most Traps Carried 4 | . . 4 4 . Machines | -11 -10 -10 -10 -9 ---------- Run | Yrd Mat Min Exi Min Machines Disabled 1 | . 1 . . . Max in Single Turn 1 | . 1 . . . Machines Repaired . | . . . . . Machines Dismantled . | . . . . . Machines Sabotaged . | . . . . . Overloaded Fab Kills . | . . . . . Hacking | -11 -10 -10 -10 -9 --------- Run | Yrd Mat Min Exi Min Machines Accessed 2 | . . . 2 . Terminals . | . . . . . Fabricators . | . . . . . Repair Stations . | . . . . . Recycling Units . | . . . . . Scanalyzers . | . . . . . Garrison Access . | . . . . . Total Hacks 5 | . . . 5 . Successful 5 | . . . 5 . Failed . | . . . . . Catastrophic . | . . . . . Database Lockouts . | . . . . . Manual 1 | . . . 1 . Terminals . | . . . . . Fabricators . | . . . . . Repair Stations . | . . . . . Recycling Units . | . . . . . Scanalyzers . | . . . . . Garrison Access . | . . . . . Terminal Hacks 5 | . . . 5 . Record 4 | . . . 4 . Derelict Proto ID Bank 1 | . . . 1 . Fabricator Hacks . | . . . . . Repair Station Hacks . | . . . . . Recycling Unit Hacks . | . . . . . Scanalyzer . | . . . . . Garrison Access Hacks . | . . . . . Unauthorized Hacks . | . . . . . Terminals . | . . . . . Fabricators . | . . . . . Repair Stations . | . . . . . Recycling Units . | . . . . . Scanalyzers . | . . . . . Garrison Access . | . . . . . Data Cores Recovered 1 | . 1 . . . Used . | . . . . . Hacking Detections . | . . . . . Full Trace Events . | . . . . . Feedback Events . | . . . . . Feedback Blocked . | . . . . . Robot Schematics Acquired . | . . . . . Robots Built . | . . . . . Authchips . | . . . . . Time . | . . . . . Total Robot Build Rating . | . . . . . Part Schematics Acquired . | . . . . . Parts Built . | . . . . . Authchips . | . . . . . Time . | . . . . . Total Part Build Rating . | . . . . . Parts Repaired . | . . . . . Time . | . . . . . Parts Recycled . | . . . . . Recycled Matter . | . . . . . Retrieved Matter . | . . . . . Retrieved Components . | . . . . . Parts Scanalyzed . | . . . . . Part Schematics Acquired . | . . . . . Parts Damaged . | . . . . . Bothacking | -11 -10 -10 -10 -9 ------------ Run | Yrd Mat Min Exi Min Used RIF Installer . | . . . . . Robots Hacked . | . . . . . Non-combat . | . . . . . Combat . | . . . . . Robot Hacks Applied . | . . . . . Relay Couplers Released . | . . . . . Fabnet Peak Effective % . | . . . . . Robots Rewired . | . . . . . Allies Hacked . | . . . . . Hacks Repelled . | . . . . . Allies | -11 -10 -10 -10 -9 -------- Run | Yrd Mat Min Exi Min Total Allies . | . . . . . Largest Group . | . . . . . Highest-Rated Group . | . . . . . Highest-Rated Ally . | . . . . . Total Orders . | . . . . . Ally Attacks . | . . . . . Total Damage . | . . . . . Kills . | . . . . . Allies Corrupted . | . . . . . Allies Melted . | . . . . . Intel | -11 -10 -10 -10 -9 ------- Run | Yrd Mat Min Exi Min Robot Analysis Total . | . . . . . Derelict Logs Recovered 1 | . . 1 . . Drone Launches . | . . . . . Drone Recoveries . | . . . . . Exploration | -11 -10 -10 -10 -9 ------------- Run | Yrd Mat Min Exi Min Turns Passed 2828 | 30 283 1586 929 . Spaces Moved 1551 | 10 115 850 576 . Core . | . . . . . Treads 1551 | 10 115 850 576 . Legs . | . . . . . Wheels . | . . . . . Hover . | . . . . . Flight . | . . . . . Fastest Speed 160 | 160 160 160 160 . Average Speed 160 | 160 160 160 160 . Slowest Speed 160 | 160 160 160 160 . Overloaded Moves . | . . . . . Propulsion Burnouts . | . . . . . Robots Hopped . | . . . . . Cave-ins Triggered . | . . . . . Exploration Rate (%) 41 | 3 30 98 72 5 Regions Visited 4 Branch Regions 3 Pre-discovered Areas 2 | . . 1 1 . Known Exits Taken . | . . . . . Unknown Exits Taken 4 | 1 1 1 1 . Scrap Searched 2 | . . 2 . . Spaces Dug . | . . . . . Terrain Destroyed 9 | . 9 . . . Melee . | . . . . . Projectile . | . . . . . AOE 9 | . 9 . . . Terrain Rammed . | . . . . . Walls Destroyed . | . . . . . Machines Disabled . | . . . . . Actions | -11 -10 -10 -10 -9 --------- Run | Yrd Mat Min Exi Min Total 1827 | 19 179 1044 585 . Wait 141 | . 9 132 . . Move 1547 | 9 114 849 575 . Hop . | . . . . . Pick Up 22 | 2 1 13 6 . Fast Attach 4 | 1 . 3 . . Attach 4 | 2 . 2 . . Detach . | . . . . . Swap 8 | . 2 5 1 . Drop 22 | 2 . 17 3 . Fire 42 | 3 17 22 . . Melee . | . . . . . Ram . | . . . . . Kick . | . . . . . Crush . | . . . . . Escape Stasis . | . . . . . Rewire . | . . . . . Trap 37 | . 36 1 . . Miscellaneous . | . . . . . Route ------- -11/Scrapyard -10/Materials (discovered 2 exits: [*Mat] / [*Min]) -10/Mines (discovered 3 exits: [*Mat x2] / *Exi) -10/Exiles -9/Mines History --------- Turn | Location | Event 14 | -11/Scrapyard | Discovered new exit (range 3) 31 | -11/Scrapyard | Entered Materials 233 | -10/Materials | Discovered new exit (range 7) 264 | -10/Materials | Discovered new exit (range 15) 302 | -10/Materials | Build established: Mutant 314 | -10/Materials | Entered Mines 440 | -10/Mines | Deemed a non-threat by the Exiles lab entrance 440 | -10/Mines | Discovered new exit (range 5) 937 | -10/Mines | YI-UF0 nonchalantly dropped a Grenade Launcher on the ground 1082 | -10/Mines | Found a hidden stash of uninstalled traps 1197 | -10/Mines | Build established: Scavenger-Mutant 1329 | -10/Mines | Discovered new exit (range 4) 1647 | -10/Mines | Discovered new exit (range 6) 1900 | -10/Mines | Entered Exiles 1947 | -10/Exiles | Met 8R-AWN 1974 | -10/Exiles | Met EX-HEX 2020 | -10/Exiles | Met EX-BIN 2158 | -10/Exiles | Met EX-DEC 2273 | -10/Exiles | Learned location of Zion (-6) 2427 | -10/Exiles | Aligned with FarCom system 2428 | -10/Exiles | Given EX-Vault access code 2465 | -10/Exiles | Opened EX-Vault 2484 | -10/Exiles | Found Potential Leg 2487 | -10/Exiles | Found Potential Leg 2494 | -10/Exiles | Found AWS/Autocannon 2527 | -10/Exiles | Warned to stay clear of 0b10 Research branches 2810 | -10/Exiles | Discovered new exit (range 11) 2829 | -10/Exiles | Left Exiles lab with AWS/Autocannon 2829 | -10/Exiles | Entered Mines 2829 | -9/Mines | Self-destructed Last Messages --------------- XL Autogun Array AWS/Autocannon Field Lobotomy Kit Longsword +1 Deploy-a-Sentry 02484_ Acquired Potential Leg. 02488_ Dropped Potential Leg. 02494_ Acquired AWS/Autocannon. EX-BIN: Oh yeah, I'd suggest you stay away from the 0b10 Research branches, since the FarCom signals could be picked up there, but you're welcome to try if you really want to. And if we have to leave here due to unforeseen circumstances, don't worry the FarCom system will continue to maintain contact via our distributed network. EX-BIN: And don't even think about spreading that code around. We're gonna change it right after you leave. Most certainly not to something like 1234 which I did last time as a little joke and some thief managed to sneak in here and steal a few of HEX's prototypes. 02632_ Acquired Rigged Nuclear Core. 02640_ Acquired Rigged Rnf. Deuterium Engine. 02647_ Acquired Rigged Fission Core. 0T-2AJ(z): Why did DEC have to put these flashy spikey things everywhere, they really get in the way, you know? 02810_ EXIT=FOUND LOCATION=UNKNOWN GOAL=ESCAPE 02829_ Receiving FarCom transmissions... Map ----- +----------------------------------------------------+ | | | | | | | | | | | | | | | | | | | | | | | | | | | | | | | ???????????????????????????????????????????????? | | ???????????????????????????????????????????????? | | ???????????????????????????????????????????????? | | ???????????????????????????????????????????????? | | ???????????????????????????????????????????????? | | ??????????????????????????##???????????????????? | | ????????????????????????## ##??????????????????? | | ????????????????????????# #??????????????????? | | ???????????????????????## ##?????????????????? | | ??????????????????###### ### ??????? | | ??????????????????# @ ??????? | | ??????????????????# #?????????????? | | ??????????????????# ##### # ^^ ????????? | | ??????????????????#??????? #????? ???????? | | ??????????????????????????# ?????????????? | | ???????????????????????????## ???????????? | | ?????????????????????????????# ####??????????? | | ??????????????????????????????# #?????????????? | | ??????????????????????????????? #?????????????? | | ???????????????????????????????? #?????????????? | | ?????????????????????????????????#?????????????? | | ???????????????????????????????????????????????? | | ???????????????????????????????????????????????? | | ???????????????????????????????????????????????? | | ???????????????????????????????????????????????? | | ???????????????????????????????????????????????? | | ???????????????????????????????????????????????? | | ???????????????????????????????????????????????? | | ???????????????????????????????????????????????? | | ???????????????????????????????????????????????? | | ???????????????????????????????????????????????? | | ???????????????????????????????????????????????? | | ???????????????????????????????????????????????? | | ???????????????????????????????????????????????? | | ???????????????????????????????????????????????? | +----------------------------------------------------+ Best States ------------- Heat Dissipation 25 Energy Generation 12 Energy Capacity 265 Matter Stores 300 Matter Capacity 300 Sight Range 16 Terrain Scan Density 10 Armor Coverage 150 Evasion (%) 40 Recoil Reduction 2 Item Schematics ----------------- None Robot Schematics ------------------ None Fabricated ------------ Nothing Alien Tech Used ----------------- None Achievements -------------- None Challenges ------------ None Game ------ Seed GreatGrenadePit Manual? 0 Play Time 00:09:31 Cumulative 107.4 hours Start 2024.11.18 @ 12:06:51 End 2024.11.18 @ 12:16:18 Sessions 1 Manual Loads 0 Difficulty Rogue Special Mode None Game No. 194 Rogue 194 Adventurer 0 Explorer 0 Win Type - Total 0 Types 0/0/0/0/0/0/0/0/0 Lore% 42 Gallery% 40 Achievement% 35 Wizard Run 0 Options --------- Layout 0 ASCII 0 Keyboard 0 Movement Mouse Keybinds 0 Fullscreen 1 Font 24/Cog Map View 91x25 Zoom Use 87% Tactical HUD 1 Map Filters NONE Filters NONE Steam 1 RUN: 92c6e541-9fdc-4d6b-9dd6-868a55e32db4